 Dungeon Crawl Stone Soup version 0.24.0-123-gd5b16e6ec5 (webtiles) character file.

Game seed: 6167192913213779282, levelgen mode: deterministic

21343 Flydiii the Basher (level 12, -3/80 HPs)
             Began as a Gargoyle Monk on Nov 13, 2019.
             Was a High Priest of the Shining One.
             Slain by a naga warrior
             ... wielding a +0 halberd
              (14 damage)
             ... on level 2 of the Snake Pit on Dec 19, 2019.
             The game lasted 00:54:14 (14503 turns).

Flydiii the Basher (Gargoyle Monk)                 Turns: 14503, Time: 00:54:15

Health: -3/80      AC: 28    Str: 18    XL:     12   Next: 89%
Magic:  14/17      EV:  7    Int: 15    God:    the Shining One [*****.]
Gold:   888        SH: 12    Dex: 15    Spells: 15/18 levels left

rFire    . . .     SeeInvis +   x - +6 whip of Jiudoywoj {slash, Str+2 Stlth+}
rCold    . . .     Gourm    .   u - +0 buckler
rNeg     + + +     Faith    +   o - +0 plate armour
rPois    ∞         Spirit   .   n - +1 helmet
rElec    +         Reflect  .   C - scarf {cloud immunity}
rCorr    .         Harm     .   l - +1 pair of gloves {Dex+3}
MR       .....                  (no boots)
Stlth    ..........             K - amulet of faith
HPRegen  0.23/turn              r - +2 ring of evasion
MPRegen  0.15/turn              L - ring of see invisible

@: divine shield, glowing, constricted
A: negative energy resistance 1, electricity resistance, unbreathing,
petrification resistance, rot immunity, AC +8
a: Divine Shield, Cleansing Flame, Summon Divine Warrior, Renounce Religion


You were on level 2 of the Snake Pit.
You worshipped the Shining One.
The Shining One was extremely pleased with you.
You were not hungry.

You visited 4 branches of the dungeon, and saw 19 of its levels.

You collected 888 gold pieces.

Inventory:

Hand Weapons
 x - the +6 whip of Jiudoywoj (weapon) {slash, Str+2 Stlth+}
   (You found it on level 5 of the Dungeon)

   It inflicts extra damage upon your enemies.
   It affects your strength (+2).
   It makes you more stealthy.
Missiles
 b - 5 silver javelins (quivered)
Armour
 l - a +1 pair of gloves of dexterity (worn)
 n - a +1 helmet (worn)
 o - a +0 plate armour (worn)
 u - a +0 buckler (worn)
 v - +0 acid dragon scales
 z - the +3 scale mail of the Beekeeper {Str+3 SInv}
   (You found it on level 7 of the Dungeon)

   It affects your strength (+3).
   It lets you see invisible.
 C - a scarf of cloud immunity (worn)
Magical Staves
 q - an uncursed staff of summoning
Jewellery
 a - an uncursed ring of resist corrosion
 h - an uncursed ring of protection from fire
 r - a +2 ring of evasion (left hand)
 y - an uncursed ring of ice
 A - an uncursed amulet of the gourmand
 F - an uncursed amulet of rage
 K - an amulet of faith (around neck)
 L - a ring of see invisible (right hand)
 P - a +1 ring of protection {unknown}
 S - an uncursed ring of fire {unknown}
Wands
 G - a wand of acid (11)
 J - a wand of random effects (24)
Scrolls
 e - 9 scrolls of identify
 i - 3 scrolls of enchant weapon
 m - a scroll of magic mapping {unknown}
 p - 5 scrolls of teleportation
 s - 5 scrolls of remove curse
 H - 2 scrolls of vulnerability {unknown}
 M - 2 scrolls of immolation {unknown}
 N - a scroll of amnesia
 O - a scroll of summoning {unknown}
 Q - a scroll of acquirement {unknown}
 R - a scroll of enchant armour
Potions
 d - 3 potions of might {unknown}
 f - a potion of flight
 g - 3 potions of heal wounds
 j - 3 potions of berserk rage
 k - a potion of ambrosia
 t - 2 potions of curing
 B - 2 potions of brilliance {unknown}
 D - 2 potions of haste
 E - a potion of lignification
Miscellaneous
 w - a phantom mirror
 I - a crystal ball of energy
Comestibles
 c - 14 rations


   Skills:
 + Level 11.1 Fighting
 + Level 12.8 Maces & Flails
 + Level 10.8 Armour
 + Level 4.5 Dodging
 + Level 3.9 Stealth
 * Level 6.7 Shields
 * Level 3.7 Spellcasting
 + Level 2.0 Invocations


You had 15 spell levels left.
You knew the following spells:

 Your Spells              Type           Power        Failure   Level  Hunger
a - Confuse               Hex            #.......     100%        3    ###....

Your spell library contained the following spells:

 Spells                   Type           Power        Failure   Level  Hunger
 Animate Skeleton         Necr           N/A          98%         1    None
 Apportation              Tloc           #.....       98%         1    None
 Confusing Touch          Hex            #.....       98%         1    None
 Pain                     Necr           #...         98%         1    None
 Summon Small Mammal      Summ           #...         98%         1    None
 Gell's Gravitas          Tloc           #.........   100%        3    ###....
 Regeneration             Chrm/Necr      #.........   100%        3    ###....
 Vampiric Draining        Necr           #.........   100%        3    ###....
 Animate Dead             Necr           N/A          100%        4    ####...
 Petrify                  Tmut/Erth      #.......     100%        4    ####...
 Bolt of Magma            Conj/Fire/Erth #.........   100%        5    ######.
 Iskenderun's Battlesphe  Conj/Chrm      #.......     100%        5    ######.
 Metabolic Englaciation   Hex/Ice        #.........   100%        5    ######.
 Venom Bolt               Conj/Pois      #.........   100%        5    ######.
 Yara's Violent Unravell  Hex/Tmut       #.........   100%        5    ######.
 Iron Shot                Conj/Erth      #.........   100%        6    #######
 Orb of Destruction       Conj           #.........   100%        7    #######
 Spellforged Servitor     Conj/Summ      #.........   100%        7    #######


Dungeon Overview and Level Annotations

Branches:
Dungeon (12/15)            Temple (0/1) D:7            Lair (4/6) D:11
 Shoals (1/4) Lair:2        Snake (2/4) Lair:4
    Orc: D:9-12

Altars:
Cheibriados
Dithmenos
Fedhas
Hepliaklqana
Okawaru
Qazlal
Ru
Sif Muna
Trog
Vehumet
Wu Jian
Xom
Yredelemnul
The Shining One

Shops:
D:6 :

Annotations:
D:2 Terence
D:7 kato kamat, tsekkaa scrollit ja potut. Nyt tai ei koskaan. vitun sairas peli


Innate Abilities, Weirdness & Mutations

You are resistant to torment.
Your stone body is resilient. (AC +8)
You are immune to poison.
You resist negative energy. (rN+)
You are resistant to electric shocks. (rElec)
You can survive without breathing.
You are immune to petrification.
You are immune to rotting.


Message History

The naga warrior constricts you.
You hit the naga warrior but do no damage.
The naga warrior is moderately wounded.
You block the naga warrior's attack. The naga warrior constricts you.
You whack the naga warrior!
The naga warrior is heavily wounded.
You hit the naga warrior.
The naga warrior is heavily wounded.
You hit the naga warrior.
The naga warrior is heavily wounded.
The naga warrior hits you with a +0 halberd!
* * * LOW HITPOINT WARNING * * *
The naga warrior constricts you.
You hit the naga warrior but do no damage.
The naga warrior is heavily wounded.
Okay, then.
You hit the naga warrior but do no damage.
The naga warrior is heavily wounded.
The naga warrior hits you with a +0 halberd!
You die...

#..###..........
#..###............
#.###.............
####.
#.###.............
......
##.##.............
#....#
#.##.............
#....#
#.##....(........
#...##
##.##........^....
#....#
##@####...<........
#.)..####N##
#............
#.....#.N##
##...........
#........#
#.#....)....
#.......##
#<###......#
...$>....####
#.#######...
........## #..##
#.# .......##
#...## ## .......
##...##


You could see a naga warrior and a naga.

Vanquished Creatures
  2 hydras
  A naga warrior (Snake:2)
  Nergalle (D:11)
  A shock serpent (Snake:2)
  An unseen horror (D:10)
  A sea snake (Lair:1)
  A manticore (Lair:2)
  A cyclops (D:11)
  A water nymph (Lair:2)
  A naga mage (Snake:2)
  4 black mambas
  4 spiny frogs
  The ghost of PentaManta the Sneak, a novice OpAs (D:4)
  2 komodo dragons
  2 polar bears
  Prince Ribbit (D:5)
  8 hippogriffs
  3 wyverns
  A spriggan (D:7)
  14 yaks
  A hungry ghost (D:7)
  A basilisk (Lair:3)
  Edmund (D:5)
  A naga (Lair:4)
  An acid dragon (D:11)
  6 water moccasins
  8 porcupines
  An eye of draining (D:8)
  3 orc warriors
  Duvessa (D:6)
  A hornet zombie (D:11)
  An ice beast (D:11)
  3 phantoms
  3 sky beasts
  A black bear (Lair:2)
  A centaur (D:8)
  3 crocodiles
  2 necrophages
  3 ogres
  5 big kobolds
  Blork the orc (D:5)
  17 bullfrogs
  A water moccasin zombie (D:7)
  Dowan (D:6)
  4 scorpions
  5 killer bees (D:9)
  5 wights (D:8)
  2 howler monkeys
  2 electric eels (D:10)
  A bullfrog zombie (D:6)
  3 crimson imps
  2 quasits (D:8)
  A centaur zombie (D:11)
  A bullfrog skeleton (D:6)
  6 jellies
  3 orc priests
  4 hounds
  10 orc wizards
  2 iguanas
  8 worker ants
  A hound skeleton (D:5)
  Robin (D:2)
  2 howler monkey skeletons
  7 adders
  11 gnolls
  3 shadow imps
  An ooze (D:3)
  2 adder skeletons
  2 worms
  3 dart slugs
  6 leopard geckos
  31 orcs
  2 ball pythons
  9 bats
  10 giant cockroaches
  17 goblins
  8 hobgoblins
  6 jackals (D:3)
  7 quokkas
  3 frilled lizards
  34 kobolds
  2 quokka skeletons
  10 rats
355 creatures vanquished.

Vanquished Creatures (others)
  6 fungi
  2 plants
8 creatures vanquished.

Grand Total: 363 creatures vanquished

Notes
Turn   | Place    | Note
-------+----------+-------------------------------------------
     0 | D:1      | Flydiii the Gargoyle Monk began the quest for the Orb.
     0 | D:1      | Reached XP level 1. HP: 14/14 MP: 1/1
   349 | D:1      | Reached XP level 2. HP: 15/19 MP: 2/2
   849 | D:1      | Reached XP level 3. HP: 24/24 MP: 3/3
   873 | D:2      | Noticed Robin
  1069 | D:2      | Reached skill level 1 in Armour
  1264 | D:2      | Reached XP level 4. HP: 7/29 MP: 4/4
  1315 | D:2      | Killed Robin
  1479 | D:2      | Reached skill level 4 in Maces & Flails
  1753 | D:2      | Reached XP level 5. HP: 31/33 MP: 5/5
  1761 | D:2      | Noticed Terence
  1777 | D:3      | Found a glowing golden altar of the Shining One.
  1829 | D:3      | Became a worshipper of the Shining One
  1829 | D:3      | Reached * piety under the Shining One
  1829 | D:3      | Reached ** piety under the Shining One
  2117 | D:3      | Found an ornate altar of the Wu Jian Council.
  2127 | D:3      | Reached XP level 6. HP: 33/39 MP: 6/6
  2265 | D:5      | Entered Level 5 of the Dungeon
  2298 | D:4      | Reached skill level 5 in Maces & Flails
  3003 | D:4      | Found a shadowy altar of Dithmenos.
  3016 | D:4      | Noticed a phantom
  3055 | D:4      | Killed a phantom
  3055 | D:4      | Reached XP level 7. HP: 44/44 MP: 7/7
  3210 | D:4      | Found a snail-covered altar of Cheibriados.
  3210 | D:4      | Found a shimmering blue altar of Sif Muna.
  3384 | D:4      | Reached skill level 6 in Maces & Flails
  3389 | D:4      | Found a large runed translucent door.
  3389 | D:4      | Found a large runed translucent door.
  3392 | D:4      | Noticed PentaManta's ghost (novice OpAs)
  3602 | D:4      | Killed PentaManta's ghost
  3602 | D:4      | Reached skill level 5 in Fighting
  3656 | D:5      | Got a bloodstained whip
  3657 | D:5      | Identified the +6 whip of Jiudoywoj {slash, Str+2 Stlth+}
                  | (You found it on level 5 of the Dungeon)
  3667 | D:5      | Found a sacrificial altar of Ru.
  3678 | D:5      | Reached XP level 8. HP: 49/49 MP: 8/8
  3831 | D:5      | Noticed Blork the orc
  3841 | D:5      | Killed Blork the orc
  3846 | D:5      | Reached skill level 7 in Maces & Flails
  3949 | D:5      | Noticed Prince Ribbit
  4019 | D:5      | Killed Prince Ribbit
  4027 | D:5      | Reached skill level 5 in Armour
  4178 | D:5      | Noticed Edmund
  4200 | D:5      | Killed Edmund
  4200 | D:5      | Reached skill level 8 in Maces & Flails
  4481 | D:6      | Reached *** piety under the Shining One
  4534 | D:6      | Reached XP level 9. HP: 52/55 MP: 9/9
  4616 | D:6      | Found a bloodstained altar of Trog.
  4630 | D:6      | Found Narykh's Book Shop.
  4637 | D:6      | Found a blossoming altar of Fedhas.
  4916 | D:6      | Noticed Duvessa
  4917 | D:6      | Noticed Dowan
  4918 | D:6      | Found a radiant altar of Vehumet.
  4927 | D:6      | Killed Duvessa
  4930 | D:6      | Reached skill level 9 in Maces & Flails
  4936 | D:6      | Killed Dowan
  5754 | D:7      | Found a blossoming altar of Fedhas.
  5755 | D:7      | Found a shimmering altar of Xom.
  5799 | D:7      | Got a scorched scale mail
  5810 | D:7      | Identified the +3 scale mail of the Beekeeper {Str+3 SInv}
                  | (You found it on level 7 of the Dungeon)
  5883 | D:7      | Found a staircase to the Ecumenical Temple.
  6196 | D:8      | Reached skill level 10 in Maces & Flails
  6420 | D:8      | Reached XP level 10. HP: 55/63 MP: 10/10
  6546 | D:8      | Reached **** piety under the Shining One
  6831 | D:7      | Upgraded the game from 0.24.0-28-g17ded55e90 to
                  | 0.24.0-123-gd5b16e6ec5
  7564 | D:9      | Found a basalt altar of Yredelemnul.
  7636 | D:9      | Reached skill level 11 in Maces & Flails
  7885 | D:9      | Found an iron altar of Okawaru.
  8054 | D:9      | Found a hazy altar of Hepliaklqana.
  8194 | D:10     | Entered Level 10 of the Dungeon
  8231 | D:10     | Reached skill level 1 in Invocations
  8461 | D:10     | Reached XP level 11. HP: 63/69 MP: 11/11
  8512 | D:10     | Reached skill level 12 in Maces & Flails
  8544 | D:10     | Noticed an unseen horror
  8560 | D:10     | Killed an unseen horror
  8667 | D:11     | Noticed a cyclops
  8681 | D:11     | Killed a cyclops
  8911 | D:11     | Noticed Nergalle
  8912 | D:11     | Noticed a spectral orc warlord
  9189 | D:9      | Learned a level 3 spell: Confuse
  9241 | D:9      | Found a stormy altar of Qazlal.
  9275 | D:9      | Found a basalt altar of Yredelemnul.
  9838 | D:11     | Found a staircase to the Lair.
  9867 | D:11     | Noticed a seven-headed hydra
  9883 | D:11     | Killed a seven-headed hydra
 10252 | D:11     | Reached ***** piety under the Shining One
 10400 | D:11     | Noticed a skeletal warrior
 10400 | D:11     | Noticed a skeletal warrior
 10456 | D:11     | Noticed a spectral orc warlord
 10458 | D:11     | Killed Nergalle
 10458 | D:11     | Reached skill level 1 in Shields
 10589 | D:11     | Noticed a death knight
 10862 | Lair:1   | Entered Level 1 of the Lair of Beasts
 11010 | Lair:1   | Reached skill level 1 in Spellcasting
 11362 | Lair:1   | Noticed an eight-headed hydra
 11374 | Lair:1   | Killed an eight-headed hydra
 11374 | Lair:1   | Reached XP level 12. HP: 43/77 MP: 10/14
 11461 | Lair:1   | Reached skill level 10 in Armour
 11470 | Lair:1   | Reached skill level 10 in Fighting
 12241 | Lair:2   | Found a staircase to the Shoals.
 12290 | Shoals:1 | Entered Level 1 of the Shoals
 13273 | Lair:3   | Reached skill level 5 in Shields
 13986 | Lair:4   | Found a staircase to the Snake Pit.
 14002 | Lair:4   | Noticed a death yak
 14002 | Lair:4   | Noticed a death yak
 14007 | Snake:1  | Entered Level 1 of the Snake Pit
 14012 | Snake:1  | Noticed a shock serpent
 14012 | Snake:1  | Noticed a shock serpent
 14021 | Snake:1  | Noticed a naga warrior
 14021 | Snake:1  | Noticed an anaconda
 14031 | Snake:2  | Killed a shock serpent
 14182 | Snake:2  | Noticed a naga warrior
 14210 | Snake:2  | Killed a naga warrior
 14455 | Snake:2  | Noticed a naga warrior
 14503 | Snake:2  | Slain by a naga warrior

Levels and vault maps discovered:
D:1:      dpeg_arrival_water_fire, layout_basic
D:2:      layout_loops_ring, first_ration, uniq_terence, uniq_robin
D:3:      layout_rooms, old_standard_altar, lemuel_crystal_altar
D:4:      layout_gridville, minitemple, ebering_ghost_disaster_area,
          chequers_serial_rivers_small_3, grunt_dithmenos_shadows
D:5:      layout_loops_ring, nicolae_ru_great_annihilating_truth,
          uniq_blork_the_orc, uniq_prince_ribbit1, uniq_edmund
D:6:      layout_loops_ring, overflow_temple_1_default, bloody_trog,
          serial_shops, nicolae_shop_stone, fedhas_altar_3, uniq_duvessa
D:7:      layout_basic, gammafunk_temple_overflow_statue,
          minmay_temple_entry_overgrown, the_bakery
D:8:      layout_loops_ring, serial_rivers, chequers_serial_rivers_small_a,
          chequers_serial_rivers_room_b, chequers_serial_rivers_micro_a,
          chequers_serial_rivers_micro_b, chequers_serial_rivers_small_3
D:9:      layout_irregular_city, okawaru_ov_weapons_minmay, grunt_qazlal_clouds,
          kennysheep_little_box, yredelemnul_altar_generic, basic_altar
D:10:     layout_long_grid, erik_orc_2, st_stairs_2
D:11:     layout_grid_maze, david_lair_shrubbed, uniq_nergalle
D:12:     layout_grid_maze
Lair:1:   layout_loops_ring
Lair:2:   layout_gridlike, minmay_shoals_entry_beasts
Lair:3:   layout_roguey
Lair:4:   layout_roguey, minmay_snake_entry_guardpost_small,
          chequers_serial_rivers_small_b, minmay_lair_oklob_chamber, uniq_snorg,
          uniq_rupert
Shoals:1: layout_shoals, uniq_aizul, uniq_josephine
Snake:1:  layout_basic, evilmike_ambush [evilmike_ambush_outer_doors,
          evilmike_ambush_inner_basic]
Snake:2:  layout_layer_cave, nrook_guardian_serpent_double

Skill      XL: |  1  2  3  4  5  6  7  8  9 10 11 12 |
---------------+-------------------------------------+-----
Armour         | 1 2 3 4 5 6 8 9 10 | 10.8
Fighting       | 4 5 6 7 8 9 11 | 11.1
Maces & Flails | 4 5 6 8 10 11 12 | 12.8
Dodging        | 3 4 |  4.5
Stealth        | 3 |  3.9
Invocations    | 1 2 |  2.0
Shields        | 3 6 |  6.7
Spellcasting   | 1 3 |  3.7

Action                   |  1- 3 |  4- 6 |  7- 9 | 10-12 || total
-------------------------+-------+-------+-------+-------++-------
Melee: Mace              |   151 |    61 |       |       ||   212
       Whip              |       |   147 |   337 |   866 ||  1350
Invok: Divine Shield     |       |     1 |       |     4 ||     5
  Use: Scroll            |       |       |       |    18 ||    18
       Potion            |       |       |       |     2 ||     2
  Eat: Chunk             |     1 |     6 |     8 |    13 ||    28
       Ration            |       |       |     1 |     4 ||     5
Armor: Scale mail        |   120 |    97 |    24 |    26 ||   267
       Chain mail        |       |    42 |   144 |       ||   186
       Plate armour      |       |       |       |   543 ||   543
Dodge: Dodged            |   127 |   144 |   122 |   304 ||   697
Block: Other             |       |       |       |     2 ||     2
       Buckler           |       |       |       |   109 ||   109
